 Dungeon Crawl Stone Soup version 0.29.1-13-g9f3cf754e1 (webtiles) character file.

Game seed: 10623632717783047612

206 xian the Shooter (level 5, -2/31 HPs)
             Began as a Tengu Hunter on Jan 29, 2023.
             Slain by an orc priest
             ... wielding a +0 war axe
              (11 damage)
             ... on level 4 of the Dungeon.
             The game lasted 00:04:48 (2643 turns).

xian the Shooter (Tengu Hunter)                     Turns: 2643, Time: 00:04:49

Health: -2/31      AC:  5    Str: 13    XL:     5   Next: 84%
Magic:  15/15      EV: 14    Int:  9    God:
Gold:   144        SH:  0    Dex: 18    Spells: 4/4 levels left

rFire   . . .      SeeInvis +   a - +0 shortbow
rCold   . . .      Faith    .   (shield currently unavailable)
rNeg    . . .      Spirit   .   c - +0 leather armour
rPois   .          Reflect  .   (helmet restricted)
rElec   .          Harm     .   (no cloak)
rCorr   .          Rampage  .   o - +1 pair of gloves
Will    .....                   (boots unavailable)
Stlth   ++........              (no amulet)
HPRegen 0.10/turn               e - ring of see invisible
MPRegen 0.14/turn               j - ring of magical power

@: flying quickly and evasively, quick
A: beak, talons 3, nimble flight
a: no special abilities


You were on level 4 of the Dungeon.
You visited 1 branch of the dungeon, and saw 4 of its levels.

You collected 144 gold pieces.

Inventory:

Hand Weapons
 a - a +0 shortbow (weapon)
 g - a +0 short sword of protection
Armour
 c - a +0 leather armour (worn)
 o - a +1 pair of gloves (worn)
Jewellery
 e - a ring of see invisible (left hand)
 j - a ring of magical power (right hand)
 p - a ring of resist corrosion
Scrolls
 b - a scroll of immolation
 d - a scroll of fear {unknown}
 f - a scroll of blinking {unknown}
 h - a scroll of amnesia
 i - a scroll of enchant armour {unknown}
 m - a scroll of butterflies {unknown}
 n - a scroll of teleportation {unknown}
 q - a scroll of identify {unknown}
Potions
 k - 2 potions of might {unknown}
 r - a potion of flight {unknown}
 s - a potion of ambrosia {unknown}


   Skills:
 + Level 2.5 Fighting
 + Level 6.8 Ranged Weapons
 * Level 1.9 Armour
 + Level 2.3 Dodging
 + Level 1.3 Stealth


You had 4 spell levels left.
You didn't know any spells.
Your spell library contained the following spells:

 Spells                   Type           Power      Damage    Failure   Level
 Static Discharge         Conj/Air       0%         3-3/arc   61%         2
 Lightning Bolt           Conj/Air       0%         1d11      100%        5
 Maxwell's Capacitive Co  Air            0%         ∞         100%        8


Dungeon Overview and Level Annotations

Branches:
Dungeon (4/15)
 Temple: D:4-7

Altars:


Innate Abilities, Weirdness & Mutations

You have a beak for a mouth.
You have claws for feet.
Your magical nature lets you fly swiftly and evasively.


Message History

You shoot an arrow. The arrow barely misses the orc priest.
The orc misses you.
The orc priest looks encouraged for a moment.
Fire: a) +0 shortbow
Press: ? - help, Q - select action Shift-Dir - straight line, f/p - orc priest
Aim: an orc priest, wielding a +0 war axe and wearing a +0 scale mail (almost dead, 69% to hit)
Okay, then.
Found 2 gluggy clear potions and a scroll labelled REANOA ACEYLAI.
The orc priest miscasts a cantrip.
Fire: a) +0 shortbow
Press: ? - help, Q - select action Shift-Dir - straight line, f/p - orc priest
Aim: an orc priest, wielding a +0 war axe and wearing a +0 scale mail (almost dead, 69% to hit)
You shoot an arrow. The arrow hits the orc.
The orc is moderately wounded.
Fire: a) +0 shortbow
Press: ? - help, Q - select action Shift-Dir - straight line, f/p - orc priest
Aim: an orc priest, wielding a +0 war axe and wearing a +0 scale mail (almost dead, 69% to hit)
You shoot an arrow.
The arrow hits the orc but does no damage.
The orc is moderately wounded.
The orc closely misses you. The orc hits you but does no damage.
Fire: a) +0 shortbow
Press: ? - help, Q - select action Shift-Dir - straight line, f/p - orc priest
Aim: an orc priest, wielding a +0 war axe and wearing a +0 scale mail (almost dead, 69% to hit)
You shoot an arrow. The arrow hits the orc.
The orc is almost dead.
The orc hits you but does no damage.
Fire: a) +0 shortbow
Press: ? - help, Q - select action Shift-Dir - straight line, f/p - orc priest
Aim: an orc priest, wielding a +0 war axe and wearing a +0 scale mail (almost dead, 69% to hit)
You shoot an arrow. The arrow hits the orc.
You kill the orc!
Fire: a) +0 shortbow
Press: ? - help, Q - select action Shift-Dir - straight line, f/p - orc priest
Aim: an orc priest, wielding a +0 war axe and wearing a +0 scale mail (almost dead, 69% to hit)
You shoot an arrow.
The arrow hits the orc priest but does no damage.
The orc priest is almost dead.
The orc priest hits you with a +0 war axe!
You die...

.# #.# #...##.#
....... ....#.# ##
###.#.#.# # #.
...#.#.# .. #.
#.#.#.###.###
##.#####.....?....).
#..@oS.o#.#......###
#..#####....####.#
#.. #<#.......!. #..
#S#######.### ...
#o# .... #.# ?.!..
..# .#.#.. ..# #.#


You could see an orc priest, an orc wizard (invisible) and a ball python.

Vanquished Creatures
  Natasha (thrice) (D:3)
  8 adders
  2 orcs (D:4)
  9 endoplasms
  4 giant cockroaches
  5 goblins
  3 hobgoblins
  3 quokkas
  2 ball pythons
  7 bats
  A frilled lizard (D:1)
  8 kobolds
  7 rats
62 creatures vanquished.

Notes
Turn   | Place    | Note
-------+----------+-------------------------------------------
     0 | D:1      | xian the Tengu Hunter began the quest for the Orb.
     0 | D:1      | Reached XP level 1. HP: 12/12 MP: 2/2
    70 | D:1      | You fall into a shaft and drop 1 floor!
   342 | D:1      | Found a faded altar of an unknown god.
   606 | D:1      | Reached XP level 2. HP: 17/17 MP: 3/3
   912 | D:2      | Reached skill level 5 in Ranged Weapons
   921 | D:2      | Reached XP level 3. HP: 21/21 MP: 4/4
  1149 | D:2      | Reached skill level 1 in Armour
  1297 | D:2      | Reached XP level 4. HP: 27/27 MP: 5/5
  1642 | D:3      | Noticed Natasha
  1648 | D:3      | Killed Natasha
  1649 | D:3      | Reached skill level 6 in Ranged Weapons
  1688 | D:3      | Gained mutation: Your magical nature lets you fly swiftly
                  | and evasively. [Tengu growth]
  1688 | D:3      | Reached XP level 5. HP: 25/31 MP: 6/6
  1951 | D:3      | Noticed Natasha
  1964 | D:3      | Killed Natasha
  2387 | D:3      | Noticed Natasha
  2390 | D:3      | Killed Natasha
  2643 | D:4      | Slain by an orc priest

Illustrated notes

Levels and vault maps discovered:
D:1:      lordsloth_arrival_two_stooges, layout_basic,
          ebering_ecumenical_altar_mist, hex_intersection
D:2:      layout_basic
D:3:      layout_loops_corners, grunt_ministairs_10, uniq_natasha
D:4:      minmay_chambers_of_fours, layout_loops_ring, gammafunk_ghost_icy

Skill      XL: |  1  2  3  4 |
---------------+-------------+-----
Ranged Weapons | 5 6 |  6.8
Armour         | 1 |  1.9
Fighting       | |  2.5
Dodging        | |  2.3
Stealth        | |  1.3

Action                   |  1- 3 |  4- 6 || total
-------------------------+-------+-------++-------
 Fire: Shortbow          |   100 |   101 ||   201
  Use: Scroll            |       |     2 ||     2
Armor: Leather armour    |    18 |    13 ||    31
Dodge: Dodged            |    27 |    41 ||    68
